 Dungeon Crawl Stone Soup version 0.19.1-1-g22dce08 (webtiles) character file.

604 bombpersons the Vandal (level 7, -3/42 HPs)
             Began as a Halfling Arcane Marksman on Dec 27, 2016.
             Was a Believer of Nemelex Xobeh.
             Slain by Menkaure (15 damage)
             ... on level 5 of the Dungeon on Dec 28, 2016.
             The game lasted 00:44:02 (4569 turns).

bombpersons the Vandal (Halfling Arcane Marksman)   Turns: 4569, Time: 00:44:02

Health: -3/42      AC:  3    Str: 12    XL:     7   Next: 70%
Magic:  3/11       EV: 17    Int: 11    God:    Nemelex Xobeh [**....]
Gold:   197        SH:  0    Dex: 16    Spells: 2 memorised, 9 levels left

rFire  . . .     SeeInvis .     a - +0 hunting sling
rCold  + . .     Gourm    .     v - +0 robe {rC+}
rNeg   . . .     Faith    .     (shield restricted)
rPois  .         Spirit   .     (no helmet)
rElec  .         Reflect  .     h - +0 cloak
rCorr  .         Harm     .     (no gloves)
MR     .....                    (no boots)
Stlth  +.........               (no amulet)
                                (no ring)
                                (no ring)

@: very slightly contaminated
A: mutation resistance 1
a: Renounce Religion


You were on level 5 of the Dungeon.
You worshipped Nemelex Xobeh.
Nemelex Xobeh was pleased with you.
You were hungry.

You visited 1 branch of the dungeon, and saw 5 of its levels.

You collected 197 gold pieces.

Inventory:

Hand Weapons
 a - a +0 hunting sling (weapon)
Missiles
 o - 73 stones (quivered)
 u - 27 poisoned needles
Armour
 e - a +0 robe
 h - a +0 cloak (worn)
 v - a +0 robe of cold resistance (worn)
Jewellery
 x - an uncursed ring of fire
Wands
 i - a wand of hasting (0/9)
Scrolls
 d - a scroll of enchant weapon {unknown}
 g - a scroll of remove curse {unknown}
 s - a scroll of noise {unknown}
 w - a scroll of enchant armour {unknown}
Potions
 b - 2 potions of heal wounds {unknown}
 k - 2 potions of mutation {unknown}
 m - a potion of lignification {unknown}
 n - 3 potions of degeneration {unknown}
 r - a potion of haste {unknown}
 t - 2 potions of might {unknown}
Books
 c - a book of Debilitation

   Spells                             Type                      Level
   a - Corona                         Hexes                        1
   b - Slow                           Hexes                        2
   c - Gell's Gravitas                Hexes/Translocation          3
   d - Inner Flame                    Hexes/Fire                   3
   e - Cause Fear                     Hexes                        4
   f - Leda's Liquefaction            Hexes/Earth                  4
Miscellaneous
 f - a plain deck of destruction
 l - a plain deck of escape {drawn: 6}
Comestibles
 q - a bread ration


   Skills:
 - Level 0.8 Fighting
 + Level 6.3 Slings
 + Level 4.4 Dodging
 + Level 3.0 Spellcasting
 + Level 4.1 Hexes


You had 9 spell levels left.
You knew the following spells:

 Your Spells              Type           Power        Failure   Level  Hunger
a - Corona                Hex            ##.....      6%          1    #......
b - Slow                  Hex            ##......     10%         2    ###....


Dungeon Overview and Level Annotations

Branches:
Dungeon (5/15)
 Temple: D:4-7

Altars:
Cheibriados
Dithmenos
Gozag
Nemelex Xobeh

Annotations:
D:4 Scuka's ghost, novice CeHu
D:5 Menkaure
Abyss:1 Pikel


Innate Abilities, Weirdness & Mutations

You are small and have problems with some larger weapons.
You are somewhat resistant to further mutation.


Message History

Press: ? - help, Shift-Dir - straight line, f - Menkaure
Aim: Menkaure (fast, chance to defeat MR: 46%)
You miscast Slow.
You are very lightly contaminated with residual magic.
Nothing appears to happen.
Menkaure gestures at you while chanting.
You struggle to resist.
Casting: Slow
Confirm with . or Enter, or press ? or * to list all spells.
Aiming: Slow
Press: ? - help, Shift-Dir - straight line, f/p - Menkaure
Aim: Menkaure (fast, chance to defeat MR: 46%) Menkaure resists with some effort.
Menkaure hits you!
* * * LOW HITPOINT WARNING * * *
You draw a card...
It is the Cloud.
Clouds appear around you! Menkaure closely misses you. x2
You draw a card...
It is the Cloud.
Nothing appears to happen.
Menkaure hits you!
You die...
Your body glows slightly and disappears.

#........# :.
######'#.# ###..
#####.#... ..'
#.....###########.##...
#.....'....##....M.'...
#.....####.##.###.##...
#.....#.........#.#
##'#..##§#.##.#.#.#
#.#..@M§#.#....#.#
#.##.####.#..###.#
#....# #.#....#.#
#########.#.##.#.#
#............#
#.############


You could see Menkaure.

Vanquished Creatures
  Sigmund (D:3)
  A hound (D:5)
  A jelly (D:3)
  2 hound skeletons
  5 adders
  A shadow imp (D:5)
  An ooze (D:3)
  An adder skeleton (D:4)
  A worm (D:3)
  A dart slug (D:1)
  A leopard gecko (D:1)
  3 orcs (D:3)
  A ball python (D:2)
  8 bats
  5 giant cockroaches
  9 goblins
  10 hobgoblins
  2 jackals (D:3)
  14 kobolds
  A quokka (D:2)
  5 frilled lizards
  7 rats
81 creatures vanquished.

Vanquished Creatures (others)
  A slave (D:5)
  A crimson imp (D:5)
  A dart slug (D:3)
  An orc (D:3)
  A plant (D:2)
5 creatures vanquished.

Grand Total: 86 creatures vanquished

Notes
Turn   | Place    | Note
-------+----------+-------------------------------------------
     0 | D:1      | bombpersons the Halfling Arcane Marksman began the quest for the Orb.
     0 | D:1      | Reached XP level 1. HP: 12/12 MP: 2/2
   170 | D:1      | Reached XP level 2. HP: 18/18 MP: 3/3
   171 | D:1      | Found a sparkling altar of Nemelex Xobeh.
   210 | D:1      | Became a worshipper of Nemelex Xobeh the Trickster
   360 | D:1      | Received a gift from Nemelex Xobeh
   576 | D:1      | Reached XP level 3. HP: 22/22 MP: 2/4
  1237 | D:2      | Reached * piety under Nemelex Xobeh
  1283 | D:2      | Found a snail-covered altar of Cheibriados.
  1636 | D:2      | Found a shadowy altar of Dithmenos.
  1680 | D:2      | Learned a level 2 spell: Slow
  1754 | D:2      | Reached XP level 4. HP: 26/27 MP: 3/6
  1928 | D:3      | Noticed Sigmund
  2029 | D:3      | Reached skill level 4 in Slings
  2127 | D:3      | Found an opulent altar of Gozag.
  2197 | D:3      | Received a gift from Nemelex Xobeh
  2265 | D:3      | Reached XP level 5. HP: 9/32 MP: 5/7
  2551 | D:3      | Killed Sigmund
  2551 | D:3      | Reached skill level 5 in Slings
  2551 | D:3      | Reached XP level 6. HP: 37/37 MP: 5/9
  2802 | D:3      | Reached ** piety under Nemelex Xobeh
  3255 | D:3      | Upgraded the game from 0.19.1 to 0.19.1-1-g22dce08
  3402 | D:4      | Noticed Scuka's ghost (novice CeHu)
  3418 | D:5      | Entered Level 5 of the Dungeon
  3665 | D:5      | Received a gift from Nemelex Xobeh
  3732 | D:5      | Noticed a slave
  3732 | D:5      | Noticed a slave
  3733 | D:5      | Noticed a slave
  3735 | D:5      | Noticed Pikel
  3735 | D:5      | Noticed a slave
  4174 | D:5      | Reached XP level 7. HP: 11/42 MP: 5/10
  4184 | D:5      | HP: 1/42 [Pikel/whip of flaming (3)]
  4185 | D:5      | Banished Pikel
  4185 | D:5      | Reached skill level 6 in Slings
  4547 | D:5      | Noticed Menkaure
  4569 | D:5      | Slain by Menkaure

Skill      XL: |  1  2  3  4  5  6  7 |
---------------+----------------------+-----
Slings         | 4 5 6 |  6.3
Hexes          | 3 4 |  4.1
Dodging        | 3 4 |  4.4
Spellcasting   | 2 3 |  3.0
Fighting       | |  0.8

Action                   |  1- 3 |  4- 6 |  7- 9 || total
-------------------------+-------+-------+-------++-------
 Fire: Hunting sling     |   121 |   173 |     8 ||   302
 Cast: Corona            |    23 |    35 |       ||    58
       Slow              |       |    20 |     6 ||    26
Evoke: Deck              |     1 |     6 |     3 ||    10
       Wand              |       |     2 |       ||     2
  Use: Scroll            |       |     6 |       ||     6
       Potion            |       |     4 |       ||     4
  Eat: Meat ration       |     1 |       |       ||     1
       Bread ration      |     1 |       |       ||     1
       Fruit             |       |     2 |       ||     2
       Royal jelly       |       |     1 |       ||     1
       Pizza             |       |     1 |       ||     1
Armor: Robe              |    19 |    18 |       ||    37
       Skin              |       |     2 |       ||     2
Dodge: Dodged            |    68 |   121 |     6 ||   195
